AoeStats
← jess_du_marais

Hideout

509573723Analyzed
1v1 RM · 6d ago on Sep 27, 2026· 28m 2s· 2 players
Game mode
Random Map
Map size
Tiny (2 player)
Population
200
Speed
Normal
Resources
Standard
Victory
Conquest
Starting age
Dark Age
Ending age
Imperial Age
RankedLock teamsTeams togetherTeam positionsShared explorationLock speedFull tech treeHidden civsTurbo modeCheats
Victory
Defeat
🇹🇼 Koreans · Taiwan
323
+15
🇫🇷 Khmer · France
293
-15
jess_du_marais
9:57 Loom
10:11 Loom
14:55 Feudal Age
21:00 Double-Bit Axe
jonny777888
7:56 Feudal Age
10:10 Loom
11:36 Wheelbarrow
16:42 Fletching
25:00 Castle Age
24:57 Gold Mining
27:34 Bodkin Arrow
Connection lost

Rejoining the realm…

Still unreachable

The connection could not be restored.

Session expired

The server has moved on; the page needs a fresh start.